 Dungeon Crawl Stone Soup version 0.27.1-2-g3b301248ec (webtiles) character file.

Game seed: 10386178327231993992

39 safid the Skirmisher (level 3, 0/33 HPs)
             Began as a Hill Orc Fighter on Sept 27, 2021.
             Slain by a gnoll (7 damage)
             ... on level 2 of the Dungeon.
             The game lasted 00:02:15 (1308 turns).

safid the Skirmisher (Hill Orc Fighter)             Turns: 1308, Time: 00:02:15

Health: 0/33       AC:  7    Str: 19    XL:     3   Next: 47%
Magic:  3/3        EV: 11    Int:  8    God:
Gold:   0          SH:  9    Dex: 10    Spells: 2/2 levels left

rFire    . . .     SeeInvis .   a - +0 war axe
rCold    . . .     Faith    .   c - +0 kite shield
rNeg     . . .     Spirit   .   b - +0 scale mail
rPois    .         Reflect  .   (no helmet)
rElec    .         Harm     .   (no cloak)
rCorr    .         Rampage  .   (no gloves)
Will     .....                  (no boots)
Stlth    ..........             (no amulet)
HPRegen  0.11/turn              g - +4 ring of evasion
MPRegen  0.08/turn              (no ring)

@: no status effects
A: no striking features
a: no special abilities


You were on level 2 of the Dungeon.
You visited 1 branch of the dungeon, and saw 2 of its levels.

Inventory:

Hand Weapons
 a - a +0 war axe (weapon)
Missiles
 h - 8 poisoned darts (quivered)
Armour
 b - a +0 scale mail (worn)
 c - a +0 kite shield (worn)
Jewellery
 g - a +4 ring of evasion (left hand)
Scrolls
 f - a scroll of blinking {unknown}
 i - a scroll of magic mapping {unknown}
Potions
 d - a potion of might
 e - a potion of heal wounds {unknown}


   Skills:
 + Level 4.1 Fighting
 + Level 3.4 Axes
 + Level 3.7 Armour
 + Level 3.7 Shields


You had 2 spell levels left.
You didn't know any spells.
Your spell library contained the following spells:

 Spells                   Type           Power      Damage    Failure   Level
 Shock                    Conj/Air       0%         1d3       99%         1
 Corpse Rot               Necr/Air       N/A        N/A       100%        2
 Passwall                 Tmut/Erth      0%         N/A       100%        2
 Poisonous Vapours        Pois/Air       0%         N/A       100%        2
 Swiftness                Air            0%         N/A       100%        3
 Airstrike                Air            0%         N/A       100%        4
 Freezing Cloud           Conj/Ice/Air   0%         6-21      100%        5
 Invisibility             Hex            0%         N/A       100%        6


Dungeon Overview and Level Annotations

Branches:
Dungeon (2/15)

Altars:

Shops:
D:1 (


Message History

You block the gnoll's attack. The gnoll hits you with a +0 flail!
The gnoll closely misses you. x2
You hit the gnoll.
The gnoll is heavily wounded.
The gnoll hits you from afar with a +0 spear.
The gnoll barely misses you.
You slash the gnoll!
You kill the gnoll!
The gnoll closely misses you. You block the gnoll's attack.
The gnoll hits you with a +0 spear.
Things that are here:
a +0 flail; a gnoll corpse You closely miss the gnoll.
The gnoll throws a throwing net.
The throwing net hits you.
You become entangled in the net!
You tear a large gash into the net.
The gnoll barely misses you.
You struggle against the net.
The gnoll hits you but does no damage. x2
You rip the net and break free!
A gnoll comes into view. It is wielding a +0 whip.
You block the gnoll's attack.
Unknown command.
You slash the gnoll!
The gnoll is severely wounded.
You hit the gnoll. The gnoll hits you with a +0 spear.
* * * LOW HITPOINT WARNING * * *
The gnoll barely misses you. You block the gnoll's attack.
Unknown command.
You closely miss the gnoll.
The gnoll is severely wounded.
You hit the gnoll. You block the gnoll's attack.
The gnoll closely misses you. x2
Unknown command.
You hit the gnoll.
The gnoll is almost dead.
You hit the gnoll but do no damage. The gnoll barely misses you. x2
You block the gnoll's attack.
Unknown command.
You hit the gnoll but do no damage.
The gnoll is almost dead.
You hit the gnoll. The gnoll closely misses you.
The gnoll hits you with a +0 spear!
You die...

##......# #.# #......#
#.# #......# #.#
#......########.#######
##.....................#
..........†......#####.#
######.#########.# #.#
#.# #.# #@# #.#
#ggg..... #.# #.##.##.#
#.# ..# # #.# ###


You could see 3 gnolls.

Vanquished Creatures
  A gnoll (D:2)
  A dart slug (D:2)
  4 ball pythons (D:1)
  2 endoplasms (D:1)
  A giant cockroach (D:1)
  2 goblins (D:1)
  4 hobgoblins
  3 jackals (D:2)
  2 kobolds
  2 quokkas
  2 bats
  A frilled lizard (D:2)
25 creatures vanquished.

Notes
Turn   | Place    | Note
-------+----------+-------------------------------------------
     0 | D:1      | safid the Hill Orc Fighter began the quest for the Orb.
     0 | D:1      | Reached XP level 1. HP: 19/19 MP: 1/1
   108 | D:1      | Found a faded altar of an unknown god.
   350 | D:1      | Reached XP level 2. HP: 27/27 MP: 2/2
   717 | D:1      | Found Qicre's Weapon Shoppe.
  1186 | D:2      | Reached skill level 4 in Fighting
  1194 | D:2      | Reached XP level 3. HP: 27/33 MP: 3/3
  1308 | D:2      | Slain by a gnoll

Illustrated notes

Levels and vault maps discovered:
D:1:      sevenhm_arrival_forest_fort_large_2, layout_loops_corners,
          serial_shops, shop_statue, chequers_ecumenical_altar_simple_redux
D:2:      layout_basic

Skill      XL: |  1  2 |
---------------+-------+-----
Axes           | 3 |  3.4
Fighting       | 4 |  4.1
Armour         | |  3.7
Shields        | |  3.7

Action                   || total
-------------------------++-------
Melee: War axe           ||    77
Armor: Scale mail        ||    30
Dodge: Dodged            ||    50
Block: Kite shield       ||    43
